 Dungeon Crawl Stone Soup version 0.25.0-26-g0c896c7088 (webtiles) character file.

Game seed: 11423883255865483559

109 Ethylacetat the Firebug (level 4, 0/24 HPs)
             Began as a Deep Elf Fire Elementalist on July 4, 2020.
             Was an Initiate of Sif Muna.
             Killed from afar by an orc wizard (6 damage)
             ... with a magic dart
             ... on level 4 of the Dungeon on July 5, 2020.
             The game lasted 00:15:15 (3083 turns).

Ethylacetat the Firebug (DEFE)                      Turns: 3083, Time: 00:15:15

Health: 0/24       AC:  2    Str:  2 (5)  XL:     4   Next: 59%
Magic:  8/11       EV: 12    Int: 20 (21) God:    Sif Muna [......]
Gold:   212        SH:  0    Dex: 12 (15) Spells: 9/10 levels left

rFire    . . .     SeeInvis .   r - +1 falchion
rCold    . . .     Gourm    .   (no shield)
rNeg     . . .     Faith    .   a - +0 robe
rPois    .         Spirit   .   (no helmet)
rElec    .         Reflect  .   l - scarf {+Inv}
rCorr    .         Harm     .   (no gloves)
MR       .....                  (no boots)
Stlth    ++........             (no amulet)
HPRegen  0.08/turn              h - ring of wizardry
MPRegen  0.12/turn              (no ring)

@: berserk cooldown, slowed, very slow
A: no striking features
a: Renounce Religion, Evoke Invisibility


You were on level 4 of the Dungeon.
You worshipped Sif Muna.
Sif Muna was noncommittal.
You were very hungry.

You visited 1 branch of the dungeon, and saw 4 of its levels.

You collected 212 gold pieces.

Inventory:

Hand Weapons
 r - a +1 falchion (weapon)
Armour
 a - a +0 robe (worn)
 l - a scarf of invisibility (worn)
Magical Staves
 m - a cursed staff of death {unknown}
Jewellery
 h - a ring of wizardry (left hand)
Scrolls
 e - 6 scrolls of identify {unknown}
 f - a scroll of teleportation
 g - 2 scrolls of magic mapping {unknown}
 j - a scroll of enchant armour {unknown}
 k - 2 scrolls of remove curse {unknown}
 n - a scroll of fear {unknown}
 o - a scroll of amnesia {unknown}
Potions
 i - a potion of curing
 p - a potion of heal wounds {unknown}
Comestibles
 c - 4 rations


   Skills:
 - Level 2.4 Dodging
 - Level 2.4 Stealth
 + Level 3.9 Spellcasting
 * Level 3.1 Conjurations
 * Level 4.5 Fire Magic
 + Level 0.2 Invocations


You had 9 spell levels left.
You knew the following spells:

 Your Spells              Type           Power        Failure   Level  Hunger
a - Foxfire               Conj/Fire      ###.         1%          1    None

Your spell library contained the following spells:

 Spells                   Type           Power        Failure   Level  Hunger
 Conjure Flame            Conj/Fire      ###.....     3%          3    ###....
 Inner Flame              Hex/Fire       ##......     6%          3    ###....
 Sticky Flame             Conj/Fire      ###.....     11%         4    ####...
 Fireball                 Conj/Fire      ###.......   28%         5    ######.


Dungeon Overview and Level Annotations

Branches:
Dungeon (4/15)
 Temple: D:4-7

Altars:
Sif Muna

Shops:
D:4 ?


Message History

The orc is heavily wounded.
The jackal misses you.
Casting: Foxfire (safe; 1% risk of failure)
Confirm with . or Enter, or press ? or * to list all spells.
You conjure some foxfire!
The foxfire hits the adder.
You kill the adder!
Sif Muna accepts your kill. The jackal bites you.
* * * LOW HITPOINT WARNING * * *
The orc hits you but does no damage. The jackal closely misses you.
It was a potion of degeneration.
There was something very wrong with that liquid.
You feel weakened.
You feel dopey.
You feel clumsy.
The foxfire hits the jackal!
You kill the jackal!
Sif Muna accepts your kill.
The foxfire hits the orc wizard but does no damage.
The orc wizard gestures at you while chanting.
The magic dart hits you.
You die...

## . #. #.####
#.#.o.§#######
#...o@.∩......
######.######
#..oo####
#..!....#
#.......#
#.......#
#.......#
#######
#..o....#
#.....#
##......#
#.###.###


You could see an orc wizard and 2 orcs.

Vanquished Creatures
  5 adders
  An ooze (D:1)
  2 worms (D:3)
  A dart slug (D:3)
  A leopard gecko (D:3)
  An orc (D:3)
  7 bats
  3 giant cockroaches
  2 goblins
  4 hobgoblins
  9 jackals
  2 frilled lizards
  6 kobolds
  6 rats
50 creatures vanquished.

Vanquished Creatures (others)
  137 foxfires
137 creatures vanquished.

Grand Total: 187 creatures vanquished

Notes
Turn   | Place    | Note
-------+----------+-------------------------------------------
     0 | D:1      | Ethylacetat the Deep Elf Fire Elementalist began the quest
                  | for the Orb.
     0 | D:1      | Reached XP level 1. HP: 10/10 MP: 6/6
   229 | D:1      | Reached XP level 2. HP: 10/15 MP: 5/8
  1043 | D:2      | Found a faded altar of an unknown god.
  1057 | D:2      | Reached XP level 3. HP: 17/19 MP: 5/9
  1162 | D:2      | Reached skill level 4 in Fire Magic
  1715 | D:3      | Reached XP level 4. HP: 11/24 MP: 4/11
  2570 | D:3      | Found a shimmering blue altar of Sif Muna.
  2587 | D:3      | Became a worshipper of Sif Muna the Loreminder
  2739 | D:4      | Noticed a phantom
  2745 | D:4      | HP: 1/24 [phantom (7)]
  3074 | D:4      | Found Ogynecen's Magic Scroll Shoppe.
  3079 | D:4      | HP: 1/24 [adder (1)]
  3083 | D:4      | Killed from afar by an orc wizard

Illustrated notes

Levels and vault maps discovered:
D:1:      saegor_arrival_under_anarchy, layout_loops_ring, corner_web_ring,
          minmay_cupped
D:2:      layout_rooms, chequers_ecumenical_altar_simple_redux
D:3:      layout_rooms, led_sif_pool, first_ration
D:4:      layout_basic, serial_shops, shop, chequers_decorated_corner,
          roderic_lattice_a

Skill      XL: |  1  2  3  4 |
---------------+-------------+-----
Conjurations   | 2 3 |  3.1
Fire Magic     | 4 |  4.5
Dodging        | |  2.4
Stealth        | |  2.4
Spellcasting   | |  3.9
Invocations    | |  0.2

Action                   |  1- 3 |  4- 6 || total
-------------------------+-------+-------++-------
Melee: Unarmed           |     4 |       ||     4
       Falchion          |       |     1 ||     1
 Cast: Foxfire           |    64 |    33 ||    97
  Use: Potion            |       |     3 ||     3
       Scroll            |       |     2 ||     2
  Eat: Chunk             |     2 |     3 ||     5
Armor: Robe              |     6 |     6 ||    12
Dodge: Dodged            |    20 |    31 ||    51
       Rpst.: Falchion   |       |     7 ||     7
